 Dungeon Crawl Stone Soup version 0.30-b1-2-g02819fbbbe (webtiles) character file.

Game seed: 12276360298868842743

7032 raph the Destroyer (level 10, -6/56 HPs)
             Began as a Deep Elf Conjurer on May 5, 2023.
             Was an Initiate of Gozag.
             Succumbed to a redback's poison
             ... on level 1 of the Lair of Beasts.
             The game lasted 00:19:18 (12462 turns).

raph the Destroyer (Deep Elf Conjurer)             Turns: 12462, Time: 00:19:18

Health: -6/56      AC: 11    Str:  4    XL:     10   Next: 83%
Magic:  14/25      EV: 11    Int: 28    God:    Gozag
Gold:   217        SH:  5    Dex: 13    Spells: 9/28 levels left

rFire   . . .        G - +0 scimitar
rCold   + . .        f - +0 buckler
rNeg    . . .        y - +0 acid dragon scales
rPois   .            k - +0 helmet
rElec   .            E - +2 cloak
rCorr   +            i - +0 pair of gloves
SInv    .            (no boots)
Will    +....        (no amulet)
Stlth   ++           s - ring of protection from cold
HPRegen 0.29/turn    (no ring)
MPRegen 0.19/turn

%: no passive effects
@: brilliant, lethally poisoned (-6 -> -54), on berserk cooldown, hasted and
slowed
A: no striking features
a: Renounce Religion, Potion Petition, Call Merchant, Bribe Branch


You were on level 1 of the Lair of Beasts.
You worshipped Gozag.
Gozag was aware of your devotion.
You visited 2 branches of the dungeon, and saw 10 of its levels.

You collected 1260 gold pieces.
You spent 322 gold pieces at shops.
You paid 721 gold pieces to Gozag.

Inventory:

Hand Weapons
 a - a +2 short sword of freezing
 w - a +0 rapier
 D - a +0 heavy long sword
 G - a +0 scimitar (weapon)
Missiles
 g - 5 atropa-tipped darts
 j - 14 poisoned darts
Armour
 f - a +0 buckler (worn)
 i - a +0 pair of gloves (worn)
 k - a +0 helmet (worn)
 r - the +0 robe of the Nexus {Will- rCorr Dex+4}
   (You found it on level 5 of the Dungeon)

   Dex:       It affects your dexterity (+4).
   rCorr:     It protects you from acid and corrosion.
   Will:      It decreases your willpower.
 y - +0 acid dragon scales (worn)
 E - a +2 cloak (worn)
Jewellery
 s - a ring of protection from cold (left hand)
Wands
 m - a wand of roots (14)
 x - a wand of paralysis (2)
 H - a wand of digging (3)
Scrolls
 l - 5 scrolls of teleportation
 t - a scroll of blinking
 v - 2 scrolls of fear
 B - a scroll of fog
 C - 2 scrolls of amnesia
Potions
 b - 2 potions of magic
 c - a potion of ambrosia
 d - a potion of lignification
 e - 4 potions of curing
 h - 3 potions of heal wounds
 n - a potion of flight
 o - 6 potions of resistance
 p - 2 potions of brilliance
 u - 2 potions of mutation
 z - a potion of invisibility
 A - 2 potions of might
 F - a potion of attraction {unknown}
Miscellaneous
 q - a phial of floods


   Skills:
 + Level 3.2 Fighting
 + Level 5.5 Dodging
 - Level 2.4 Stealth
 * Level 3.3 Shields
 + Level 9.6 Spellcasting
 * Level 11.6 Conjurations
 + Level 9.7 Hexes
 + Level 3.0 Translocations
 + Level 3.6 Air Magic


You had 9 spell levels left.
You knew the following spells:

 Your Spells              Type           Power      Damage    Failure   Level
a - Magic Dart            Conj           100%       1d8       1%          1
b - Searing Ray           Conj           100%       2d8       1%          2
c - Dazzling Flash        Conj/Hex       100%       N/A       1%          3
d - Fulminant Prism       Conj/Hex       41%        3d19      2%          4
e - Mephitic Cloud        Conj/Pois/Air  58%        N/A       7%          3
f - Iskenderun's Mystic   Conj/Tloc      69%        2d14      10%         4
g - Blink                 Tloc           90%        N/A       9%          2

Your spell library contained the following spells:

 Spells                   Type           Power      Damage    Failure   Level
 Static Discharge         Conj/Air       100%       2-7/arc   1%          2
 Poisonous Vapours        Pois/Air       70%        N/A       14%         2
 Airstrike                Air            25%        2d(4-20)  38%         4
 Manifold Assault         Tloc           45%        N/A       50%         4
 Freezing Cloud           Conj/Ice/Air   29%        6-21      54%         5
 Summon Lightning Spire   Summ/Air       35%        N/A       65%         4
 Storm Form               Tmut/Air       17%        N/A       100%        7


Dungeon Overview and Level Annotations

Branches:
Dungeon (8/15)             Temple (0/1) D:7            Lair (2/5) D:8
  Swamp: Lair:2-3    Shoals: Lair:2-3     Snake: Lair:2-3    Spider: Lair:2-3

Altars:
Cheibriados
Dithmenos
Gozag
Kikubaaqudgha
Makhleb
Qazlal
Ru
Trog
Xom
Yredelemnul
The Shining One

Shops:
D:6 *

Annotations:
D:5 1 runed translucent door, Crazy Yiuf


Message History

There is a stone staircase leading up here.
You feel a strong urge to attack something.
The black mamba bites you but does no damage.
The blink frog blinks!
The redback closely misses you.
The blink frog hits you but does no damage.
The water moccasin bites you but does no damage.
The black mamba barely misses you.
You climb upwards.
There is a stone staircase leading down here.
You slash the water moccasin!
The water moccasin is heavily wounded.
The redback barely misses you. The black mamba closely misses you.
The blink frog hits you! You block the water moccasin's attack.
The redback closely misses you. The black mamba barely misses you.
You closely miss the black mamba.
The black mamba is severely wounded.
The blink frog misses you. The water moccasin bites you.
You are poisoned.
The water moccasin poisons you! You block the redback's attack.
The black mamba bites you. The blink frog misses you.
The water moccasin bites you but does no damage.
You miss the black mamba.
The black mamba is severely wounded.
You are no longer berserk.
You are exhausted.
You feel yourself slow down.
* * * LOW HITPOINT WARNING * * *
You feel very sick. The black mamba completely misses you.
The redback bites you.
* * * LOW HITPOINT WARNING * * *
You are more poisoned.
The redback poisons you!
The blink frog hits you but does no damage.
The black mamba barely misses you.
The water moccasin bites you but does no damage.
The redback closely misses you.
You completely miss the black mamba.
The black mamba is severely wounded.
You die...
Your body crumbles into a pile of gold.

######## ### ### ###
####.##.#.##########.######.###.#
.................................
.................................
..#.#P.####....FS.....##.###.P#..
...##### #>....@....##### ####..
..## #....s.S...####### #.. ..#
#...........#.#..####.. ..#
#.##P.#.##............. ..#
##.#######.............. ..#
#P..# ##...##.#.####. ..# ##.##
#..####### #. ..## ####..# #..#
#. ...#####P#..########..# #.


You could see a black mamba, a blink frog, a water moccasin and a redback.

Vanquished Creatures
  A hydra (Lair:1)
  2 black mambas
  3 cane toads
  Maggie (D:6)
  A komodo dragon (D:8)
  A wyvern (Lair:1)
  7 yaks
  A basilisk (Lair:2)
  Eustachio (D:5)
  3 water moccasins
  An orc warrior (D:8)
  2 black bears
  2 sky beasts
  4 ogres
  An ice beast (D:6)
  A centaur (D:8)
  5 wolves (Lair:1)
  A phantom (D:4)
  A kobold brigand (D:8)
  4 bullfrogs
  A gnoll sergeant (D:8)
  A scorpion (D:6)
  A howler monkey (D:8)
  7 hounds
  An orc priest (D:8)
  3 iguanas (D:4)
  Ijyb (D:3)
  3 orc wizards (D:8)
  Robin (D:2)
  5 gnolls (D:8)
  10 adders
  A shadow imp (D:6)
  An ufetubus (D:4)
  6 worms
  2 dart slugs
  41 orcs
  8 endoplasms
  5 giant cockroaches
  19 goblins
  11 hobgoblins
  7 jackals
  3 quokkas
  6 ball pythons
  3 bats
  2 frilled lizards (D:3)
  17 kobolds
  5 rats
  A spectral orc (D:8)
215 creatures vanquished.

Vanquished Creatures (others)
  48 fulminant prisms
  3 fungi
  42 plants
93 creatures vanquished.

Grand Total: 308 creatures vanquished

Notes
Turn   | Place    | Note
-------+----------+-------------------------------------------
     0 | D:1      | raph the Deep Elf Conjurer began the quest for the Orb.
     0 | D:1      | Reached XP level 1. HP: 10/10 MP: 6/6
   177 | D:1      | Reached XP level 2. HP: 15/15 MP: 6/8
   180 | D:1      | Learned a level 2 spell: Searing Ray
   229 | D:1      | Reached skill level 5 in Conjurations
   330 | D:1      | Found a faded altar of an unknown god.
   661 | D:1      | Reached XP level 3. HP: 19/19 MP: 6/9
   665 | D:1      | Learned a level 3 spell: Dazzling Flash
  1020 | D:1      | You fall into a shaft and drop 1 floor!
  1316 | D:2      | Reached skill level 6 in Conjurations
  1470 | D:2      | Reached XP level 4. HP: 24/24 MP: 7/10
  1811 | D:2      | Noticed Robin
  1816 | D:2      | Killed Robin
  3051 | D:3      | Reached skill level 1 in Hexes
  3051 | D:3      | Reached XP level 5. HP: 28/28 MP: 6/11
  3229 | D:3      | Reached skill level 7 in Conjurations
  3417 | D:3      | Found a shimmering altar of Xom.
  3803 | D:3      | Noticed Ijyb
  3812 | D:3      | Killed Ijyb
  4036 | D:4      | Noticed an ogre
  4049 | D:4      | Killed an ogre
  4050 | D:4      | Reached XP level 6. HP: 20/32 MP: 1/12
  4160 | D:4      | Learned a level 4 spell: Fulminant Prism
  5083 | D:4      | Reached XP level 7. HP: 32/36 MP: 0/15
  5491 | D:5      | Entered Level 5 of the Dungeon
  5558 | D:5      | Identified the +0 robe of the Nexus {Will- rCorr Dex+4}
  5599 | D:5      | Reached skill level 8 in Conjurations
  5727 | D:5      | Learned a level 3 spell: Mephitic Cloud
  5855 | D:5      | Found a shadowy altar of Dithmenos.
  5882 | D:5      | Reached skill level 5 in Spellcasting
  5882 | D:5      | Reached skill level 5 in Hexes
  5952 | D:5      | Found a runed translucent door.
  5953 | D:5      | Noticed Crazy Yiuf
  6007 | D:5      | Found a stormy altar of Qazlal.
  6009 | D:5      | Noticed a fire elemental
  6010 | D:5      | Noticed an air elemental
  6010 | D:5      | Noticed a water elemental
  6111 | D:5      | Noticed Eustachio
  6121 | D:5      | Killed Eustachio
  6680 | D:6      | Found an opulent altar of Gozag.
  6699 | D:6      | Became a worshipper of Gozag Ym Sagoz the Greedy
  6828 | D:6      | Reached XP level 8. HP: 41/41 MP: 2/19
  6989 | D:6      | Found a bloodstained altar of Trog.
  7021 | D:6      | Noticed Maggie
  7025 | D:6      | Paralysed by Maggie for 4 turns
  7033 | D:6      | Paralysed by Maggie for 4 turns
  7042 | D:6      | Killed Maggie
  7043 | D:6      | Reached skill level 9 in Conjurations
  7317 | D:6      | Learned a level 4 spell: Iskenderun's Mystic Blast
  7809 | D:6      | Found Joopurro's General Store.
  7850 | D:6      | Bought a wand of roots (8) for 192 gold pieces
  7850 | D:6      | Bought a scroll of identify for 20 gold pieces
  7850 | D:6      | Bought a scroll of identify for 20 gold pieces
  7850 | D:6      | Bought a potion of heal wounds for 50 gold pieces
  7850 | D:6      | Bought a scroll of amnesia for 40 gold pieces
  8360 | D:7      | Found a staircase to the Ecumenical Temple.
  8431 | D:7      | Identified the +0 kite shield of the Enchanted Forest {rF+}
  8502 | D:7      | Reached XP level 9. HP: 46/46 MP: 15/23
  8757 | D:7      | Found a snail-covered altar of Cheibriados.
  9188 | D:8      | Reached skill level 10 in Conjurations
  9318 | D:8      | Reached skill level 1 in Fighting
  9465 | D:8      | Found a basalt altar of Yredelemnul.
  9656 | D:8      | Found a glowing golden altar of the Shining One.
  9669 | D:8      | Reached skill level 1 in Air Magic
  9793 | D:8      | Found an ancient bone altar of Kikubaaqudgha.
  9796 | D:8      | Found a sacrificial altar of Ru.
  9807 | D:8      | Noticed a komodo dragon
  9816 | D:8      | Killed a komodo dragon
 10399 | D:8      | Found a staircase to the Lair.
 10553 | D:8      | Found a burning altar of Makhleb.
 10628 | Lair:1   | Entered Level 1 of the Lair of Beasts
 10628 | Lair:1   | Noticed a black mamba
 10628 | Lair:1   | Noticed a cane toad
 10746 | D:8      | Learned a level 2 spell: Blink
 10867 | D:8      | Killed a black mamba
 10868 | D:8      | HP: 2/48 [poisoned by a black mamba]
 10869 | D:8      | Reached skill level 1 in Shields
 10869 | D:8      | Reached skill level 1 in Translocations
 11015 | D:8      | Killed a cane toad
 11016 | D:8      | Reached XP level 10. HP: 53/54 MP: 7/25
 11134 | Lair:1   | Noticed an eight-headed hydra
 11144 | Lair:1   | Noticed a cane toad
 11149 | Lair:1   | Killed an eight-headed hydra
 11149 | Lair:1   | Killed a cane toad
 11150 | Lair:1   | Reached skill level 11 in Conjurations
 11377 | Lair:1   | Reached skill level 5 in Dodging
 11884 | Lair:1   | Noticed a cane toad
 11890 | Lair:1   | Killed a cane toad
 12033 | Lair:1   | Noticed a black mamba
 12044 | Lair:1   | Killed a black mamba
 12399 | Lair:2   | Found a basalt altar of Yredelemnul.
 12442 | Lair:2   | Noticed a black mamba
 12462 | Lair:1   | Succumbed to a redback's poison

Illustrated notes

Levels and vault maps discovered:
D:1:      dpeg_arrival_arbitrary_a, layout_rooms, basic_ecumenical_altar
D:2:      layout_loops_ring, uniq_robin
D:3:      layout_loops_ring, tgw_xom, solitary_fountain,
          minmay_fractal_squares_diagonal_5, uniq_ijyb
D:4:      layout_rooms, roderic_lattice_a
D:5:      layout_loops_ring, nicolae_qazlal_style_of_elements,
          lemuel_doored_altar, uniq_eustachio, uniq_crazy_yiuf_cottage
D:6:      layout_basic, mainiacjoe_overflow_24_doors, lemuel_crystal_altar,
          serial_shops, shop, serial_curves, eino_curves_03, eino_curves_03,
          uniq_maggie
D:7:      layout_cave_pools, slow_altar_2, temple_green, serial_park,
          serial_park_gazebo [serial_park_minivault_5x5_5],
          serial_park_tiny_pond, serial_park_tiny_2, serial_park_tiny_pond,
          serial_park_tiny_2
D:8:      layout_basic, makhleb_blood_cavern_becter, grunt_temple_overflow_open,
          yredelemnul_forgotten_temple_becter, david_lair_shrubbed
Lair:1:   layout_chaotic_city, lemuel_fruit_tree
Lair:2:   layout_misc_corridors, minmay_shoals_entry_hut,
          spider_nest_entry_rubble, basic_altar

Skill      XL: |  1  2  3  4  5  6  7  8  9 10 |
---------------+-------------------------------+-----
Conjurations   | 5 6 7 8 9 10 11 | 11.6
Hexes          | 1 3 4 6 8 9 |  9.7
Spellcasting   | 4 6 8 9 |  9.6
Dodging        | 4 5 |  5.5
Fighting       | 2 3 |  3.2
Air Magic      | 2 3 |  3.6
Shields        | 1 3 |  3.3
Translocations | 1 3 |  3.0
Stealth        | |  2.4

Action                     |  1- 3 |  4- 6 |  7- 9 | 10-12 || total
---------------------------+-------+-------+-------+-------++-------
  Melee: Dagger            |     1 |       |       |       ||     1
         Short sword       |       |    13 |     2 |    11 ||    26
         Scimitar          |       |       |       |     5 ||     5
   Cast: Magic Dart        |    29 |    39 |    13 |    10 ||    91
         Searing Ray       |    19 |    43 |    49 |    10 ||   121
         Fulminant Prism   |       |     4 |    30 |    14 ||    48
         Iskenderun's Myst |       |       |    13 |     6 ||    19
         Mephitic Cloud    |       |       |     3 |       ||     3
 Invoke: Potion Petition   |       |       |       |     1 ||     1
    Use: Scroll            |     2 |     8 |     7 |     2 ||    19
         Potion            |       |       |     4 |     1 ||     5
   Stab: Sleeping          |       |       |     2 |       ||     2
 Armour: Robe              |       |    14 |     5 |       ||    19
         Acid dragon scale |       |       |    21 |    23 ||    44
  Dodge: Dodged            |     3 |    29 |    44 |    37 ||   113
  Block: Buckler           |       |       |     7 |    11 ||    18
